 Dungeon Crawl Stone Soup version 0.17-a0-1941-gcc30b76 (webtiles) character file.

942 Japsu the Skirmisher (level 7, -8/62 HPs)
             Began as a Yellow Draconian Berserker on Sept 30, 2015.
             Was a Priest of Trog.
             Mangled by Mulkerokala's ghost (16 damage)
             ... on level 5 of the Dungeon.
             The game lasted 00:35:59 (3733 turns).

Japsu the Skirmisher (Yellow Draconian Berserker)   Turns: 3733, Time: 00:35:59

Health: -8/62      AC:  8    Str: 20    XL:     7   Next: 88%
Magic:  7/7        EV:  9    Int:  8    God:    Trog [***...]
Gold:   183        SH:  0    Dex: 11    Spells: 0 memorised, 6 levels left

rFire  . . .     SeeInvis .     e - +4 hand axe (freeze)
rCold  . . .     Clarity  .     (armour unavailable)
rNeg   . . .     SustAt   .     (no shield)
rPois  .         Gourm    .     (helmet restricted)
rElec  .         Spirit   .     i - +1 cloak
rCorr  +         Warding  .     (no gloves)
rMut   .         Stasis   .     (no boots)
MR     .....                    (no amulet)
Stlth  +++.......               (no ring)
                                l - ring of stealth

@: not resistant to hostile enchantments, fairly stealthy
A: spit acid, acid resistance, unfitting armour, cold-blooded, AC +6
a: Spit Acid, Burn Spellbooks, Berserk, Trog's Hand, Renounce Religion


You were on level 5 of the Dungeon.
You worshipped Trog.
Trog was most pleased with you.
You were not hungry.

You visited 1 branch of the dungeon, and saw 5 of its levels.

You collected 183 gold pieces.

Inventory:

Hand weapons
 a - a +0 hand axe
 d - a +0 scythe
 e - a +4 hand axe of freezing (weapon)
 u - a +0 rapier
 w - a +2 falchion of slicing
Armour
 i - a +1 cloak (worn)
 p - a +0 pair of boots
Jewellery
 l - a ring of stealth (left hand)
Magical devices
 v - a wand of lightning (7)
Scrolls
 h - 2 scrolls of random uselessness
 m - 4 scrolls of recharging
 n - a scroll of teleportation
 o - 3 scrolls of identify
 q - 2 scrolls of enchant armour
Potions
 f - a potion of magic
 g - 3 potions of lignification
Comestibles
 b - 3 bread rations
 c - a slice of pizza
 j - 3 fruits
 k - a meat ration


   Skills:
 * Level 5.9 Fighting
 * Level 5.7 Axes
 + Level 5.3 Dodging
 + Level 3.1 Stealth


You had 6 spell levels left.
You didn't know any spells.

Dungeon Overview and Level Annotations

Branches:
Dungeon (5/15)
 Temple: D:4-7

Altars:
Cheibriados
Nemelex Xobeh
Yredelemnul

Annotations:
D:5 Mulkerokala's ghost, experienced GrFi


Innate Abilities, Weirdness & Mutations

You can spit globs of acid.
You are resistant to acid.
Your golden yellow scales are hard (AC +6).
Your body does not fit into most forms of armour.
You are cold-blooded and may be slowed by cold attacks.


Message History

The ice beast closely misses you. Mulkerokala's ghost closely misses you.
You hit Mulkerokala's ghost but do no damage.
Mulkerokala's ghost is heavily damaged.
You hit the ice beast.
The ice beast is moderately wounded.
The ice beast misses you. Mulkerokala's ghost hits you.
* * * LOW HITPOINT WARNING * * *
You slash Mulkerokala's ghost! You freeze Mulkerokala's ghost.
Mulkerokala's ghost is severely damaged.
You hit the ice beast.
The ice beast is moderately wounded.
The ice beast misses you. Mulkerokala's ghost barely misses you.
You hit Mulkerokala's ghost but do no damage.
Mulkerokala's ghost is severely damaged.
You hit the ice beast but do no damage.
The ice beast is moderately wounded.
The ice beast closely misses you. Mulkerokala's ghost hits you!
* * * LOW HITPOINT WARNING * * *
The ice beast closely misses you. Mulkerokala's ghost hits you!
You die...

####### #.
##.....#...
##..........
#...........
#...@.......
#..Y.W.....(
#...........
#...........
#...........
.#..........
.........#...
.##......####.


You could see an ice beast and Mulkerokala's ghost.

Vanquished Creatures
  Grinder (D:3)
  Sigmund (D:2)
  Eustachio (D:4)
  An ogre (D:4)
  A centaur (D:3)
  An orc priest (D:3)
  A jelly (D:3)
  A hound (D:4)
  Natasha (twice) (D:3)
  Robin (D:4)
  4 adders
  2 gnolls
  6 worms
  3 giant geckos
  4 orcs (D:3)
  2 ball pythons
  5 giant cockroaches
  18 goblins
  10 hobgoblins
  7 kobolds
  2 quokkas
  10 bats
  3 giant newts
  9 rats
96 creatures vanquished.

Notes
Turn   | Place    | Note
--------------------------------------------------------------
     0 | D:1      | Japsu the Draconian Berserker began the quest for the Orb.
     0 | D:1      | Reached XP level 1. HP: 19/19 MP: 1/1
    64 | D:1      | Reached XP level 2. HP: 24/26 MP: 2/2
   477 | D:1      | Acquired Trog's second power
   477 | D:1      | Reached XP level 3. HP: 30/33 MP: 3/3
   942 | D:2      | Found a sparkling altar of Nemelex Xobeh.
   979 | D:2      | Noticed Sigmund
   994 | D:2      | Killed Sigmund
   994 | D:2      | Reached skill level 4 in Fighting
   994 | D:2      | Reached XP level 4. HP: 22/41 MP: 4/4
   994 | D:2      | Reached XP level 5. HP: 25/47 MP: 5/5
  1437 | D:2      | Found a snail-covered altar of Cheibriados.
  1825 | D:3      | Reached skill level 1 in Stealth
  1836 | D:3      | Reached skill level 5 in Fighting
  1836 | D:3      | Reached XP level 6. HP: 52/56 MP: 6/6
  1837 | D:3      | Noticed Natasha
  1852 | D:3      | Killed Natasha
  1956 | D:3      | Noticed a centaur
  1962 | D:3      | Killed a centaur
  2189 | D:3      | Noticed Grinder
  2205 | D:3      | Paralysed by Grinder for 6 turns
  2216 | D:3      | Paralysed by Grinder for 7 turns
  2235 | D:3      | Killed Grinder
  2235 | D:3      | Reached skill level 5 in Axes
  2235 | D:3      | Your scales start taking on a golden yellow colour.
  2235 | D:3      | Reached XP level 7. HP: 13/61 MP: 7/7
  2911 | D:3      | Noticed Natasha
  2915 | D:3      | Killed Natasha
  2915 | D:3      | Reached skill level 5 in Dodging
  3176 | D:4      | Found a basalt altar of Yredelemnul.
  3318 | D:4      | Noticed Eustachio
  3344 | D:4      | Killed Eustachio
  3552 | D:4      | Noticed Robin
  3557 | D:4      | Killed Robin
  3713 | D:5      | Entered Level 5 of the Dungeon
  3713 | D:5      | Noticed Mulkerokala's ghost (experienced GrFi)
  3733 | D:5      | Mangled by Mulkerokala's ghost

Vault maps used:
D:1:      lemuel_arrival_cross, columned_hall_lemuel, minmay_cupped
D:2:      nicolae_overflow_hidden_temple, nicolae_overflow_crystal_walls,
          uniq_sigmund
D:3:      wad_crossroads, uniq_natasha, uniq_grinder
D:4:      yredelemnul_altar_generic, first_bread, uniq_robin, uniq_eustachio
D:5:      zin_scriptorium, serial_shops, nicolae_shop_behind_doors,
          nicolae_shop_overgrown_old_shop, uniq_menkaure

Action                   |  1- 3 |  4- 6 |  7- 9 || total
-------------------------+-------+-------+-------++-------
Melee: Hand axe          |    56 |    93 |    93 ||   242
  Use: Scroll            |     7 |     1 |     3 ||    11
       Potion            |     2 |     1 |       ||     3
 Stab: Sleeping          |     1 |     5 |     4 ||    10
  Eat: Fruit             |       |     2 |       ||     2
       Chunk             |       |     1 |     2 ||     3
       Bread ration      |       |     1 |       ||     1
